Cogmind - Beta 11.1 @@@ ROGUE MODE // 2022.09.19 @ 11:45:51 Player: Flerik Result: Destroyed by S-27 Virus with Autogun Performance ------------- Evolutions (3) 1500 Regions Visited (6) 1200 Robots Destroyed (15) 75 Value Destroyed (129) 129 Prototype IDs (0) 0 Alien Tech Used (0) 0 Bonus (435) 435 TOTAL SCORE: 3339 Bonus ------- Follower Combat Kills 435 Cogmind --------- Core Integrity 0/700 Matter 300/300 Energy 99/100 System Corruption 0% Temperature Cool (0) Movement Core (50) Location -7/Factory Parts ------- > --- POWER (1) -------- (None) > --- PROPULSION (4) --- (None) > --- UTILITY (6) ------ Hacking Suite > --- WEAPON (2) ------- (None) > --- INVENTORY (5) ---- Light Deuterium Engine Light Deuterium Engine Advanced ECM Suite Rocket Launcher Axe Peak State ------------ > --- POWER ------------ Light Nuclear Core > --- PROPULSION ------- Flight Unit Flight Unit Flight Unit Cesium-ion Thruster > --- UTILITY ---------- Small Storage Unit Improved Targeting Computer Hacking Suite Hacking Suite Hacking Suite Hacking Suite > --- WEAPON ----------- Axe > --- INVENTORY -------- Light Deuterium Engine Flight Unit Flight Unit Flight Unit Flight Unit Flight Unit Rocket Launcher [Rating: 28] Favorites ----------- Power Ion Engine Engine Ion Engine Power Core Light Nuclear Core Propulsion Flight Unit Leg Aluminum Leg Flight Unit Flight Unit Utility Hacking Suite Device Improved Terrain Scanner Storage Small Storage Unit Processor Improved Targeting Computer Hackware Hacking Suite Weapon Small Laser Energy Gun Small Laser Ballistic Gun Assault Rifle Launcher Rocket Launcher Slashing Weapon Axe Build | -11 -10 -10 -9 -8 -8 -7 ------- Run | Scr Mat Min Mat Mat Sto Fac Slots Evolved 6 | . . . 2 2 . 2 Power . | . . . . . . . Propulsion 2 | . . . 2 . . . Utility 4 | . . . . 2 . 2 Weapon . | . . . . . . . Parts Attached 37 | 9 . . 6 7 7 8 Power 5 | 2 . . . 1 1 1 Engine 4 | 2 . . . 1 1 . Core 1 | . . . . . . 1 Reactor . | . . . . . . . Propulsion 17 | 2 . . 3 3 4 5 Treads . | . . . . . . . Leg 2 | 2 . . . . . . Wheel . | . . . . . . . Hover . | . . . . . . . Flight 15 | . . . 3 3 4 5 Utility 7 | 2 . . . 2 1 2 Device 1 | 1 . . . . . . Storage 1 | 1 . . . . . . Processor 1 | . . . . . 1 . Hackware 4 | . . . . 2 . 2 Protection . | . . . . . . . Artifact . | . . . . . . . Weapon 8 | 3 . . 3 1 1 . Energy Gun 5 | 2 . . 3 . . . Energy Cannon . | . . . . . . . Ballistic Gun 1 | 1 . . . . . . Ballistic Cannon . | . . . . . . . Launcher 1 | . . . . 1 . . Special Weapon . | . . . . . . . Impact Weapon . | . . . . . . . Slashing Weapon 1 | . . . . . 1 . Piercing Weapon . | . . . . . . . Special Melee Weapon . | . . . . . . . Unidentified Prototypes . | . . . . . . . Parts Lost 22 | . . . . 1 8 13 Power 3 | . . . . . 2 1 Propulsion 13 | . . . . 1 4 8 Utility 5 | . . . . . 1 4 Weapon 1 | . . . . . 1 . Highest Loss Streak 13 | . . . . 1 5 13 To Critical Strikes . | . . . . . . . Average Slot Usage (%) 82 | . 100 100 77 82 78 70 Engine 8 | . 14 14 11 6 7 . Leg 6 | . 28 28 . . . . Flight 21 | . . . 32 29 29 22 Device 7 | . 14 14 11 9 3 . Storage 10 | . 14 14 11 9 9 4 Processor 1 | . . . . . 1 4 Hackware 10 | . . . . 18 18 26 Energy Gun 10 | . 28 28 11 9 1 . Slashing Weapon 2 | . . . . . 7 4 Naked Turns . | . . . . . . . Heaviest Build 14 | 14 14 14 12 12 12 13 Greatest Support 20 | 20 20 20 12 16 16 17 Greatest Overweight (x) 4 | 4 . . . . 3 1 Average Overweight (x) . | . . . . . . . Largest Inventory Capacity 8 | 8 8 8 8 8 8 8 Average Capacity 7 | 7 8 8 8 8 8 7 Most Carried 8 | 4 4 8 8 8 8 8 Average Carried 6 | 2 4 5 7 5 6 6 Final Capacity 8 | 8 8 8 8 8 8 5 Final Carried 8 | 4 4 8 7 7 8 5 Class Distribution -------------------- 31% | Mutant 30% | Scavenger-Mutant 18% | Hacker-Sprinter 10% | Hacker-Mutant 4% | Scavenger-Sprinter 3% | Commander-Mutant Dominant Class ---------------- Mutant | -10/Materials Mutant | -10/Mines Scavenger-Mutant | -9/Materials Scavenger-Mutant | -8/Materials Hacker-Mutant | -8/Storage Hacker-Sprinter | -7/Factory Resources | -11 -10 -10 -9 -8 -8 -7 ----------- Run | Scr Mat Min Mat Mat Sto Fac Matter Collected 507 | 290 . . 60 8 100 49 Remotely . | . . . . . . . Salvage Created 261 | 113 . 42 . 8 98 . Parts 35 | 11 . 7 . 6 11 . Haulers Intercepted . | . . . . . . . Recyclers Shooed 3 | 1 . . . . 1 1 Parts Field Recycled . | . . . . . . . Retrieved Matter . | . . . . . . . Parts Self-Destructed . | . . . . . . . Prevented . | . . . . . . . Kills | -11 -10 -10 -9 -8 -8 -7 ------- Run | Scr Mat Min Mat Mat Sto Fac Combat Hostiles Destroyed 9 | . . 3 . 3 3 . Melee 1 | . . . . . 1 . Guns 6 | . . 3 . 1 2 . AOE 2 | . . . . 2 . . Classes Destroyed 4 | 2 . 1 . . 1 . Worker 2 | 2 . . . . . . Tunneler 3 | 3 . . . . . . Recycler 1 | . . . . . 1 . Swarmer 9 | . . 3 . 3 3 . Best Kill Streak 3 | 3 . 2 . 3 2 . Combat Bots Only 3 | . . 2 . 3 2 . Max Kills in Single Turn 2 | 1 . 1 . 2 1 . Gunslinging . | . . . . . . . Exploded 2 | . . . . 2 . . Melee 1 | . . . . . 1 . Uniques/NPCs Destroyed . | . . . . . . . Combat | -11 -10 -10 -9 -8 -8 -7 -------- Run | Scr Mat Min Mat Mat Sto Fac Damage Taken 1729 | . . 57 59 128 431 1054 Core 935 | . . 10 . 20 198 707 Absorbed by Shields . | . . . . . . . Core Remaining (%) 89 | 100 . 96 100 . 60 . Volleys Fired 29 | 10 . 5 4 7 3 . Largest 2 | 2 . 2 1 2 1 . Hottest 90 | 90 . 90 40 73 40 . Shots Fired 46 | 20 . 10 4 9 3 . Gun 44 | 20 . 10 4 7 3 . Cannon . | . . . . . . . Launcher 2 | . . . . 2 . . Special . | . . . . . . . Kinetic . | . . . . . . . Thermal 44 | 20 . 10 4 7 3 . Explosive 2 | . . . . 2 . . Electromagnetic . | . . . . . . . Robot Hit Streak 5 | 5 . 2 . 2 3 . Robot Miss Streak 9 | 4 . 3 4 9 2 . Penetration Max . | . . . . . . . Secondary Targets . | . . . . . . . Shots Hit Robots 21 | 11 . 3 . 2 5 . Core Hits 15 | 5 . 3 . 3 4 . Critical Kills . | . . . . . . . Critical Parts Destroyed . | . . . . . . . Critical Strikes . | . . . . . . . Melee Attacks 5 | . . . . . 5 . Impact . | . . . . . . . Slashing 5 | . . . . . 5 . Piercing . | . . . . . . . Sneak Attacks 2 | . . . . . 2 . Combat Hostiles . | . . . . . . . Follow-up Attacks . | . . . . . . . Damage Inflicted 548 | 131 . 35 . 149 224 9 Guns 210 | 131 . 35 . 21 23 . Cannons . | . . . . . . . Explosions 128 | . . . . 128 . . Melee 200 | . . . . . 200 . Ramming 10 | . . . . . 1 9 Kinetic . | . . . . . . . Thermal 210 | 131 . 35 . 21 23 . Explosive 128 | . . . . 128 . . Electromagnetic . | . . . . . . . Impact . | . . . . . . . Slashing 200 | . . . . . 200 . Piercing . | . . . . . . . Highest Corruption . | . . . . . . . Average Corruption . | . . . . . . . Corruption Purged . | . . . . . . . Corruption Blocked . | . . . . . . . Overload Shots . | . . . . . . . Overflow Damage 50 | . . . . 10 40 . Projectiles . | . . . . . . . Explosions 10 | . . . . 10 . . Melee 40 | . . . . . 40 . Knockbacks . | . . . . . . . Impact . | . . . . . . . Kinetic . | . . . . . . . Secondary . | . . . . . . . Self-Inflicted Damage 27 | . . . . 23 . 4 Shots 1 | . . . . 1 . . Rammed 2 | . . . . . 1 1 Targets Rammed 2 | . . . . . 1 1 Kicked . | . . . . . . . Crushed . | . . . . . . . Highest Temperature 150 | 150 . 90 15 3 . . Average Temperature 48 | 61 . 41 10 3 . . Received Heat Transfer 171 | . . . 33 9 27 102 Siege Activations . | . . . . . . . Robots Corrupted . | . . . . . . . Combat Hostiles . | . . . . . . . Parts Fried . | . . . . . . . Impact Corruptions . | . . . . . . . Robots Melted . | . . . . . . . Combat Hostiles . | . . . . . . . Parts Melted 3 | 2 . 1 . . . . Heat Transferred 534 | 335 . 99 . 50 50 . Parts Sabotaged . | . . . . . . . Parts Stolen . | . . . . . . . Parts Stripped . | . . . . . . . Power Chain Reactions . | . . . . . . . Missiles Intercepted . | . . . . . . . Alert | -11 -10 -10 -9 -8 -8 -7 ------- Run | Scr Mat Min Mat Mat Sto Fac Peak Influence 356 | 25 16 91 266 208 356 285 Initial 153 | . 16 6 35 109 87 153 Average 120 | 8 16 32 124 140 215 180 Maximum Alert Level 1 | . . . 1 1 1 1 Low Security (%) 82 | 100 100 100 80 97 57 74 Level 1 17 | . . . 19 2 42 25 Level 2 . | . . . . . . . Level 3 . | . . . . . . . Level 4 . | . . . . . . . Level 5 . | . . . . . . . High Security . | . . . . . . . Max Security . | . . . . . . . Squads Dispatched 3 | . . . . 1 . 2 Investigation 1 | . . . . . . 1 Extermination . | . . . . . . . Reinforcement 2 | . . . . 1 . 1 Assault . | . . . . . . . Garrison . | . . . . . . . Intercept . | . . . . . . . Searches Triggered . | . . . . . . . Construction Impeded . | . . . . . . . Haulers Reinforced . | . . . . . . . Active Scanning Responses . | . . . . . . . Cargo Convoy Interrupts . | . . . . . . . Stealth | -11 -10 -10 -9 -8 -8 -7 --------- Run | Scr Mat Min Mat Mat Sto Fac Distress Signals 4 | . . . 1 . 2 1 Communications Jammed . | . . . . . . . Distress Signals . | . . . . . . . Times Spotted 74 | . . 4 17 4 27 22 Peak Tracking Total 11 | . . 3 6 3 11 11 Tactical Retreats 9 | . . 1 1 . 4 3 Traps | -11 -10 -10 -9 -8 -8 -7 ------- Run | Scr Mat Min Mat Mat Sto Fac Traps Triggered 2 | . . . . . 2 . Indirectly . | . . . . . . . Trap Hack Attempts . | . . . . . . . Triggered . | . . . . . . . Disarmed . | . . . . . . . Reprogrammed . | . . . . . . . Reused . | . . . . . . . Traps Extracted . | . . . . . . . Installed . | . . . . . . . Triggered . | . . . . . . . Machines | -11 -10 -10 -9 -8 -8 -7 ---------- Run | Scr Mat Min Mat Mat Sto Fac Machines Disabled 2 | . . . 1 1 . . Max in Single Turn 1 | . . . . 1 . . Machines Sabotaged . | . . . . . . . Garrisons Compromised . | . . . . . . . Overloaded Fab Kills . | . . . . . . . Hacking | -11 -10 -10 -9 -8 -8 -7 --------- Run | Scr Mat Min Mat Mat Sto Fac Machines Accessed 19 | . 1 . 4 2 7 5 Terminals 18 | . 1 . 4 2 6 5 Fabricators . | . . . . . . . Repair Stations . | . . . . . . . Recycling Units 1 | . . . . . 1 . Scanalyzers . | . . . . . . . Garrison Access . | . . . . . . . Total Hacks 37 | . 3 . 7 4 11 12 Successful 18 | . 1 . 2 1 7 7 Failed 19 | . 2 . 5 3 4 5 Catastrophic 3 | . . . 1 . 2 . Database Lockouts . | . . . . . . . Manual 20 | . 1 . 7 3 5 4 Terminals 35 | . 3 . 7 4 9 12 Fabricators . | . . . . . . . Repair Stations . | . . . . . . . Recycling Units 2 | . . . . . 2 . Scanalyzers . | . . . . . . . Garrison Access . | . . . . . . . Terminal Hacks 13 | . 1 . . 1 5 6 Record 2 | . 1 . . 1 . . Part Schematic 3 | . . . . . . 3 Robot Analysis 2 | . . . . . 1 1 Open Door 2 | . . . . . 2 . Open DSF 1 | . . . . . . 1 Level Access Points 2 | . . . . . 1 1 Branch Access Points 1 | . . . . . 1 . Fabricator Hacks . | . . . . . . . Repair Station Hacks . | . . . . . . . Recycling Unit Hacks 1 | . . . . . 1 . Retrieve Components 1 | . . . . . 1 . Scanalyzer . | . . . . . . . Garrison Access Hacks . | . . . . . . . Unauthorized Hacks 4 | . . . 2 . 1 1 Terminals 4 | . . . 2 . 1 1 Assimilate 2 | . . . 1 . . 1 Botnet 1 | . . . . . 1 . Operators 1 | . . . 1 . . . Fabricators . | . . . . . . . Repair Stations . | . . . . . . . Recycling Units . | . . . . . . . Scanalyzers . | . . . . . . . Garrison Access . | . . . . . . . Data Cores Recovered . | . . . . . . . Used . | . . . . . . . Hacking Detections 13 | . 1 . 3 2 4 3 Full Trace Events 1 | . . . . . . 1 Feedback Events . | . . . . . . . Feedback Blocked . | . . . . . . . Robot Schematics Acquired . | . . . . . . . Robots Built . | . . . . . . . Authchips . | . . . . . . . Time . | . . . . . . . Total Robot Build Rating . | . . . . . . . Part Schematics Acquired 3 | . . . . . . 3 Parts Built . | . . . . . . . Authchips . | . . . . . . . Time . | . . . . . . . Total Part Build Rating . | . . . . . . . Parts Repaired . | . . . . . . . Time . | . . . . . . . Parts Recycled . | . . . . . . . Recycled Matter . | . . . . . . . Retrieved Matter . | . . . . . . . Retrieved Components 10 | . . . . . 10 . Parts Scanalyzed . | . . . . . . . Part Schematics Acquired . | . . . . . . . Parts Damaged . | . . . . . . . Bothacking | -11 -10 -10 -9 -8 -8 -7 ------------ Run | Scr Mat Min Mat Mat Sto Fac Used RIF Installer . | . . . . . . . Robots Hacked . | . . . . . . . Non-combat . | . . . . . . . Combat . | . . . . . . . Robot Hacks Applied . | . . . . . . . Relay Couplers Released . | . . . . . . . Fabnet Peak Effective % . | . . . . . . . Robots Rewired . | . . . . . . . Allies Hacked . | . . . . . . . Hacks Repelled . | . . . . . . . Allies | -11 -10 -10 -9 -8 -8 -7 -------- Run | Scr Mat Min Mat Mat Sto Fac Total Allies 14 | . . 3 1 . 10 . Largest Group 10 | . . 3 3 1 10 . Highest-Rated Group 173 | . . 40 42 10 173 . Highest-Rated Ally 29 | . . 16 16 10 29 . Total Orders . | . . . . . . . Ally Attacks 101 | . . . 46 . 55 . Total Damage 1309 | . . . 559 . 750 . Kills 19 | . . . 9 . 10 . Allies Corrupted . | . . . . . . . Allies Melted . | . . . . . . . Intel | -11 -10 -10 -9 -8 -8 -7 ------- Run | Scr Mat Min Mat Mat Sto Fac Robot Analysis Total 2 | . . . . . 1 1 Derelict Logs Recovered 1 | . . 1 . . . . Drone Launches . | . . . . . . . Drone Recoveries . | . . . . . . . Exploration | -11 -10 -10 -9 -8 -8 -7 ------------- Run | Scr Mat Min Mat Mat Sto Fac Turns Passed 1260 | 129 36 243 313 83 257 199 Spaces Moved 1696 | 68 31 185 433 129 276 574 Core 54 | 15 . . . . 8 31 Treads . | . . . . . . . Legs 269 | 53 31 185 . . . . Wheels . | . . . . . . . Hover . | . . . . . . . Flight 1373 | . . . 433 129 268 543 Fastest Speed 29 | 50 120 120 34 31 31 29 Average Speed 48 | 120 120 120 34 33 38 32 Slowest Speed 250 | 250 120 120 34 37 200 117 Overloaded Moves . | . . . . . . . Propulsion Burnouts . | . . . . . . . Robots Hopped 20 | . . . 2 3 11 4 Cave-ins Triggered . | . . . . . . . Exploration Rate (%) 25 | 4 17 42 33 17 46 18 Regions Visited 6 Branch Regions 2 Pre-discovered Areas . | . . . . . . . Known Exits Taken 1 | . . . . . 1 . Unknown Exits Taken 5 | 1 1 1 1 1 . . Scrap Searched . | . . . . . . . Spaces Dug . | . . . . . . . Terrain Destroyed 18 | . . . . 18 . . Melee . | . . . . . . . Projectile . | . . . . . . . AOE 18 | . . . . 18 . . Terrain Rammed . | . . . . . . . Walls Destroyed . | . . . . . . . Machines Disabled . | . . . . . . . Actions | -11 -10 -10 -9 -8 -8 -7 --------- Run | Scr Mat Min Mat Mat Sto Fac Total 2053 | 90 30 196 595 155 402 585 Wait 271 | . . 3 140 13 115 . Move 1651 | 67 30 184 428 122 254 566 Hop 19 | . . . 2 3 10 4 Pick Up 23 | 4 . 4 5 1 6 3 Fast Attach 14 | 7 . . 2 2 3 . Attach 18 | . . . 3 4 4 7 Detach 5 | . . . 2 2 . 1 Swap 5 | 2 . . 1 1 . 1 Drop 11 | . . . 8 . 1 2 Fire 29 | 10 . 5 4 7 3 . Melee 5 | . . . . . 5 . Ram 2 | . . . . . 1 1 Kick . | . . . . . . . Crush . | . . . . . . . Escape Stasis . | . . . . . . . Rewire . | . . . . . . . Trap . | . . . . . . . Miscellaneous . | . . . . . . . Route ------- -11/Scrapyard -10/Materials -10/Mines (discovered 2 exits: *Mat / [*Exi]) -9/Materials (discovered 2 exits: *Mat / [*Min]) -8/Materials -8/Storage (discovered 2 exits: *Fac / Rec) -7/Factory (discovered 4 exits: Fac x4) History --------- Turn | Location | Event 15 | -11/Scrapyard | Discovered new exit (range 16) 130 | -11/Scrapyard | Entered Materials 147 | -10/Materials | Discovered new exit (range 15) 166 | -10/Materials | Entered Mines 173 | -10/Mines | Received a Rocket Launcher from a helpful Derelict 252 | -10/Mines | Deemed a non-threat by the Exiles lab entrance 252 | -10/Mines | Discovered new exit (range 5) 302 | -10/Mines | Build established: Mutant 388 | -10/Mines | Learned Materials stockpile data 394 | -10/Mines | Discovered new exit (range 7) 404 | -10/Mines | Assisted by bots powering up and referring to "LRC-V3" 409 | -10/Mines | Entered Materials 409 | -9/Materials | Accompanied by 3 allies 409 | -9/Materials | Evolved 2 slots: Propulsion x2 632 | -9/Materials | Discovered new exit (range 6) 685 | -9/Materials | Discovered new exit (range 12) 713 | -9/Materials | Build established: Scavenger-Mutant 722 | -9/Materials | Entered another Materials area 722 | -8/Materials | Accompanied by 1 ally 722 | -8/Materials | Evolved 2 slots: Utility x2 803 | -8/Materials | Discovered new exit (range 7) 805 | -8/Materials | Entered Storage 825 | -8/Storage | Identified exit to Recycling 833 | -8/Storage | Identified exit to Factory 905 | -8/Storage | Assisted by bots powering up and referring to "LRC-V3" 933 | -8/Storage | Lost 5 parts (3n1u1w) 1062 | -8/Storage | Entered Factory 1062 | -7/Factory | Evolved 2 slots: Utility x2 1106 | -7/Factory | Identified exit to DSF 1248 | -7/Factory | Core integrity fell below 50% 1249 | -7/Factory | Identified exit to Factory 1254 | -7/Factory | Core integrity fell below 20% 1261 | -7/Factory | Destroyed by S-27 Virus with Autogun Last Messages --------------- armor. Like other B-series robots, the B-60's armor structure is reinforced against the slashes and broad impacts of melee damage. 01239_ Hacking Suite destroyed. 01244_ Flight Unit destroyed. 01246_ ALERT: Suspicious intruders detected, dispatching Cutter reinforcements to area. 01249_ Connecting with Terminal... >>Access(Main) Found 4 level access points to Factory: (189,56) (8,174) (86,161) (104,13) Map updated. 01252_ Hacking Suite destroyed. 01252_ Knocked back. 01254_ Penetrated by Slug. 01254_ Knocked back. 01259_ G-50 Soldier destroyed. 01260_ Slammed into R-06 Scavenger. Map ----- +----------------------------------------------------+ | ?????????????????????# # "" "" # | | ?????????????????????#""" ""# """ # | | ?????????????????????#""" T"# """ + | | ?????????????????????#""" ""# """ ## | | ?????????????????????# # ## #+## | | ??????????????##########"###+######/###### #??? | | ???????????? #??? | | ???????????????????# #??? | | ????##############?# % #??? | | ????# #?# #??? | | ????# #?# #?## | | ????# #?# ##########+##### #?"" | | ????# ### s###????????????# # "Y | | ????# # #????????????# # " | | ?????#########"### #????????????# + | | ?????# #????????????# # "" | | ????## % #????????????# # "" | | ????#" % #????????????# #?"" | | ????## #????????????## #? | | ?????# H #?????????????# #### | | ###### ####### #?????????????# | | #?????#% * #?????????????# | | #?????########r########???????# | | #????????????#%# #???????###### | | #????????????#%+ #????????????# | | #????????????#@# #????????????+ | | #????????????# # "Y" #????????????# | | #????????????# #? """ #????????????# | | ###########????????????# #? #????????????# | | #??????????????????????# #??#####????????????# | | #??????????????????????# #???????????????????# | | #??????????????????????# #??????????????#+#??# | | #??????????????????????# #??????????????# #?## | | #??????????????????????# #?????????????## ### | | /##?????????????????????# #?????????????# | | #??????????????????#### ############### T | | #??????????????????# | | #??????????????????# ###################+### ! | | #??????????????????#???????????????????????##### | | #??????????????????????????????????????????????? | | ] #??????????????????????????????????????????????? | | #??????????????????????????????????????????????? | | #??????????????????????????????????????????????? | | #??????????????????????????????????????????????? | | #??????????????????????????????????????????????? | | #??????????????????????????????????????????????? | | #??????????????????????????????????????????????? | | ###??????????????????????????????????????????????? | | ?????????????????????????????????????????????????? | | ?????????????????????????????????????????????????? | +----------------------------------------------------+ Best States ------------- Heat Dissipation 34 Energy Generation 14 Energy Capacity 250 Matter Stores 300 Matter Capacity 300 Sight Range 16 Terrain Scan Range 16 Terrain Scan Density 10 Evasion (%) 64 Targeting Accuracy 6 Offensive Hacking 40 Item Schematics ----------------- Cmb. Gravmag System | -7/Factory | Hacked Flak Gun | -7/Factory | Hacked Nuclear Pulse Thruster | -7/Factory | Hacked Robot Schematics ------------------ None Fabricated ------------ Nothing Alien Tech Used ----------------- None Achievements -------------- None Challenges ------------ None Game ------ Seed ShadingMediumMantle Manual? 0 Play Time 00:24:43 Cumulative 28.6 hours Start 2022.09.19 @ 11:25:33 End 2022.09.19 @ 11:45:51 Sessions 1 Manual Loads 0 Difficulty Rogue Special Mode None Game No. 44 Rogue 43 Adventurer 1 Explorer 0 Win Type - Total 1 Types 1/0/0/0/0/0/0/0/0 Lore% 32 Gallery% 35 Achievement% 31 Wizard Run 0 Options --------- ASCII 0 Keyboard 0 Movement Numpad Keybinds 0 Fullscreen 1 Font 18/SmallcapsGlow Map View 76x50 Tactical HUD 1 Map Filters NONE Filters NONE Steam 1 RUN: 49b0c6c7-b7fb-42c8-979a-5bfa973837a6